 Dungeon Sprint DCSS version 0.32-a0-814-g0968bab981 (webtiles) character file.

Game seed: 14352629513374119934

130 Pestilence the Slasher (level 5, -4/46 HPs)
             Began as a Gnoll Reaver on Mar 22, 2024.
             Was an Initiate of Makhleb.
             Slain by an orc warrior
             ... wielding a +0 trident
              (13 damage)
             ... in the Dungeon (Sprint IX: "|||||||||||||||||||||||||||||").
             The game lasted 00:01:19 (231 turns).

Pestilence the Slasher (Gnoll Reaver)                Turns: 231, Time: 00:01:20

Health: -4/46      AC: 12    Str: 13    XL:     5   Next: 13%
Magic:  4/4        EV:  3    Int: 19    God:    Makhleb [......]
Gold:   0          SH:  0    Dex: 10    Spells: 10/16 levels left

rFire   . . .        k - +2 scimitar (antimagic)
rCold   . . .        (no shield)
rNeg    . . .        m - +0 plate armour
rPois   .            (no helmet)
rElec   .            n - +0 cloak
rCorr   .            (no gloves)
SInv    .            (no boots)
Will    .....        (no amulet) Stlth
                     a - +3 ring of intelligence
HPRegen 0.27/turn    l - +3 ring of intelligence
MPRegen 0.09/turn

%: no teleportation
@: no status effects
A: fangs 1, strong nose, distributed training
a: Renounce Religion


You were in the Dungeon.
You worshipped Makhleb.
Makhleb was noncommittal.
You visited 1 branch

Inventory:

Hand Weapons
 k - a +2 antimagic scimitar (weapon)
Armour
 m - a +0 plate armour (worn)
 n - a +0 cloak (worn)
Jewellery
 a - a +3 ring of intelligence (left hand)
 l - a +3 ring of intelligence (right hand)
Wands
 j - a wand of warping (10)
Scrolls
 h - 2 scrolls of blinking
 i - 2 scrolls of amnesia
Potions
 c - 5 potions of curing
 d - a potion of invisibility
 e - a potion of haste
 f - 4 potions of magic
 g - 2 potions of heal wounds


   Skills:
 + Level 5.7 Fighting
 + Level 3.3 Short Blades
 + Level 7.4 Long Blades
 + Level 3.3 Axes
 + Level 3.3 Maces & Flails
 + Level 3.3 Polearms
 + Level 3.3 Staves
 + Level 3.3 Ranged Weapons
 + Level 3.3 Throwing
 + Level 3.3 Armour
 + Level 5.7 Dodging
 + Level 3.3 Stealth
 + Level 3.3 Shields
 + Level 3.3 Unarmed Combat
 + Level 6.1 Spellcasting
 + Level 6.1 Conjurations
 + Level 2.7 Hexes
 + Level 2.7 Summonings
 + Level 2.7 Necromancy
 + Level 2.7 Translocations
 + Level 2.7 Fire Magic
 + Level 2.7 Ice Magic
 + Level 2.7 Air Magic
 + Level 2.7 Earth Magic
 + Level 2.7 Alchemy
 + Level 3.7 Invocations
 + Level 3.3 Evocations
 + Level 3.0 Shapeshifting


You had 10 spell levels left.
You knew the following spells:

 Your Spells              Type           Power      Damage    Failure   Level
a - Kiss of Death         Conj/Necr      88%        2d12      92%         1
b - Momentum Strike       Conj/Tloc      44%        3d9       98%         2
c - Hailstorm             Conj/Ice       22%        3d7       100%        3

Your spell library contained the following spells:

 Spells                   Type           Power      Damage    Failure   Level


Dungeon Overview and Level Annotations

Branches:
Dungeon (1/1)

Altars:
Cheibriados
Dithmenos
Elyvilon
Fedhas
Gozag
Hepliaklqana
Kikubaaqudgha
Makhleb
Nemelex Xobeh
Okawaru
Qazlal
Ru
Sif Muna
Trog
Uskayaw
Vehumet
Wu Jian
Xom
Yredelemnul
Zin
The Shining One
Beogh
Jiyva
Lugonu


Innate Abilities, Weirdness & Mutations

You have very sharp teeth.
Your uncanny sense of smell can sniff out nearby items.
Your experience applies equally to all skills.


Message History

You start removing your armour.
You continue removing your +0 leather armour. x4
You finish removing your +0 leather armour.
You start putting on your armour.
You continue putting on your +0 plate armour. x5
You finish putting on your +0 plate armour.
You start putting on your armour.
You continue putting on your +0 cloak. x4
You finish putting on your +0 cloak.
You drop a +0 leather armour.
You feel clever.
a - a +3 ring of intelligence (left hand)
You feel clever.
l - a +3 ring of intelligence (right hand) There's nothing to open nearby.
Okay, then.
This spell is quite dangerous to cast!
You start memorising the spell.
You continue memorising. x2
You finish memorising.
Spell assigned to 'b'.
This spell is impossible to cast!
You start memorising the spell.
You continue memorising. x3
You finish memorising.
Spell assigned to 'c'.
You open the door.
A yak, 2 wraiths, a wight, an orc warrior and an acid dragon come into view.
The yak bellows!
The orc warrior shouts!
The acid dragon roars!
You hit the acid dragon but do no damage.
You bite the acid dragon, but do no damage.
The acid dragon bites you. The acid dragon claws you.
You hit the acid dragon.
The acid dragon is lightly wounded.
The acid dragon closely misses you.
The acid dragon claws you but does no damage.
The orc warrior barely misses you.
You hit the acid dragon.
The acid dragon is lightly wounded.
The acid dragon spits acid at you. The splash of acid hits you!!
Ouch! That really hurt!
* * * LOW HITPOINT WARNING * * *
The orc warrior hits you from afar with a +0 trident!
You die...

∆ ∆ ∆∆∆∆
▓▓▓▓▓▓▓▓▓▓▓▓▓▓▓▓▓▓▓▓▓▓▓▓
Y.WWzoD@.[.[.)..'_______
▓▓▓▓▓▓▓▓▓▓▓▓▓▓▓▓▓▓▓▓▓▓▓▓


You could see a yak, 2 wraiths, an orc warrior, an acid dragon (catching breath)
and a wight.

Vanquished Creatures
  A scorpion (D)
  A bombardier beetle (D)
  An iguana (D)
  2 orcs (D)
  3 bats (D)
  A ball python (D)
  A rat (D)
10 creatures vanquished.

Notes
Turn   | Place    | Note
-------+----------+-------------------------------------------
     0 | D        | Pestilence the Gnoll Reaver began the quest for the Orb.
     0 | D        | Reached XP level 1. HP: 20/20 MP: 6/6
    17 | D        | Reached skill level 5 in Spellcasting
    19 | D        | Reached skill level 1 in Invocations
    30 | D        | Reached skill level 1 in Short Blades
    30 | D        | Reached skill level 1 in Axes
    30 | D        | Reached skill level 1 in Maces & Flails
    30 | D        | Reached skill level 1 in Polearms
    30 | D        | Reached skill level 1 in Staves
    30 | D        | Reached skill level 1 in Ranged Weapons
    30 | D        | Reached skill level 1 in Throwing
    30 | D        | Reached skill level 1 in Armour
    30 | D        | Reached skill level 1 in Stealth
    30 | D        | Reached skill level 1 in Shields
    30 | D        | Reached skill level 1 in Unarmed Combat
    30 | D        | Reached skill level 1 in Evocations
    52 | D        | Noticed a bombardier beetle
    52 | D        | Noticed a scorpion
    52 | D        | Noticed an iguana
    71 | D        | Killed a scorpion
    72 | D        | Reached skill level 5 in Fighting
    72 | D        | Reached skill level 7 in Long Blades
    72 | D        | Reached skill level 5 in Dodging
    72 | D        | Reached XP level 2. HP: 27/27 MP: 6/8
    72 | D        | Reached XP level 3. HP: 33/33 MP: 7/10
    72 | D        | Reached XP level 4. HP: 39/39 MP: 7/11
    86 | D        | Reached XP level 5. HP: 29/46 MP: 8/13
   142 | D        | Found a roughly hewn altar of Beogh.
   142 | D        | Found a snail-covered altar of Cheibriados.
   142 | D        | Found a shadowy altar of Dithmenos.
   142 | D        | Found a white marble altar of Elyvilon.
   142 | D        | Found a blossoming altar of Fedhas.
   142 | D        | Found an opulent altar of Gozag.
   143 | D        | Found a hazy altar of Hepliaklqana.
   144 | D        | Found a viscous altar of Jiyva.
   145 | D        | Found an ancient bone altar of Kikubaaqudgha.
   146 | D        | Found a corrupted altar of Lugonu.
   147 | D        | Found a burning altar of Makhleb.
   148 | D        | Found a sparkling altar of Nemelex Xobeh.
   149 | D        | Found an iron altar of Okawaru.
   150 | D        | Found a stormy altar of Qazlal.
   151 | D        | Found a sacrificial altar of Ru.
   152 | D        | Found a shimmering blue altar of Sif Muna.
   153 | D        | Found a bloodstained altar of Trog.
   154 | D        | Found a hide-covered altar of Uskayaw.
   155 | D        | Found a radiant altar of Vehumet.
   156 | D        | Found an ornate altar of the Wu Jian Council.
   159 | D        | Became a worshipper of Makhleb the Destroyer
   162 | D        | Found a shimmering altar of Xom.
   163 | D        | Found a basalt altar of Yredelemnul.
   164 | D        | Found a glowing silver altar of Zin.
   165 | D        | Found a glowing golden altar of the Shining One.
   222 | D        | Learned a level 2 spell: Momentum Strike
   226 | D        | Learned a level 3 spell: Hailstorm
   228 | D        | Noticed a yak
   228 | D        | Noticed a wraith
   228 | D        | Noticed a wraith
   228 | D        | Noticed an orc warrior
   228 | D        | Noticed an acid dragon
   231 | D        | Slain by an orc warrior

Illustrated notes

Levels and vault maps discovered:
D:        linesprint [early_d, line_temple, items_1, d_10, items_2, lair_1,
          lair_end, items_3, orc_1, orc_end, items_4, d_15, swamp_1, shoals_1,
          snake_1, spider_1, d_20, vaults_1, items_5, swamp_end, shoals_end,
          snake_end, spider_end, vaults_end, d_27, items_6, zot_1, zot_end,
          crypt_end, forest_end, elf_end, slime_end, tomb_end, abyss_end,
          pan_hell_end]

Skill      XL: |  1  2  3  4 |
---------------+-------------+-----
Spellcasting   | 5 6 |  6.1
Invocations    | 2 3 |  3.7
Short Blades   | 2 3 |  3.3
Axes           | 2 3 |  3.3
Maces & Flails | 2 3 |  3.3
Polearms       | 2 3 |  3.3
Staves         | 2 3 |  3.3
Ranged Weapons | 2 3 |  3.3
Throwing       | 2 3 |  3.3
Armour         | 2 3 |  3.3
Stealth        | 2 3 |  3.3
Shields        | 2 3 |  3.3
Unarmed Combat | 2 3 |  3.3
Evocations     | 2 3 |  3.3
Fighting       | 5 |  5.7
Long Blades    | 7 |  7.4
Dodging        | 5 |  5.7
Hexes          | 2 |  2.7
Summonings     | 2 |  2.7
Necromancy     | 2 |  2.7
Translocations | 2 |  2.7
Fire Magic     | 2 |  2.7
Ice Magic      | 2 |  2.7
Air Magic      | 2 |  2.7
Earth Magic    | 2 |  2.7
Alchemy        | 2 |  2.7
Shapeshifting  | 2 3 |  3.0
Conjurations   | 6 |  6.1

Action                     |  1- 3 |  4- 6 || total
---------------------------+-------+-------++-------
  Melee: Falchion          |    33 |    10 ||    43
         Bite              |     2 |     3 ||     5
         Scimitar          |       |     3 ||     3
   Cast: Kiss of Death     |     1 |       ||     1
    Use: Potion            |     2 |       ||     2
 Armour: Leather armour    |    27 |     3 ||    30
         Plate armour      |       |     5 ||     5
  Dodge: Dodged            |    29 |     5 ||    34

Table legend: (Time is in decaauts)
 A = Elapsed time spent in this place.
 B = Non-inter-level travel time spent in this place.
 C = Inter-level travel time spent in this place.
 D = Time resting spent in this place.
 E = Time spent auto-exploring this place.
 F = Levels seen in this place.
 G = Mean time per level.
                   A        B        C        D        E       F      G
               +--------+--------+--------+--------+--------+-----+--------+
         Total |    234 |    234 |      0 |     76 |      0 |   1 |  234.0 |
       Dungeon |    234 |    234 |      0 |     76 |      0 |   1 |  234.0 |
               +--------+--------+--------+--------+--------+-----+--------+

Top non-repeatable levels by time:
       D: 234 daAuts
